Map: Abyssal Reef LE

Players

rafapras - Winner!

  • Race: Protoss Protoss
  • League: Diamond
  • Spawn Location: 5:00

ezfranca

  • Race: Zerg Zerg
  • League: Diamond
  • Spawn Location: 11:00

VOD

Have the link to the VOD?

Description

Time

  • Played on: Dec. 2, 2017, 8:45 a.m.
  • Length: 10:27
Show
View Real Time Build Order
Export as new Build Order

rafapras Protoss - Winner!

Build Orders:  

Get SALT Encoding   

  12  0:02  Probe  
  13  0:14  Probe  
  14  0:22  Pylon  
  14  0:26  Probe  
  15  0:40  Probe (Chrono Boost)  
  17  0:52  Probe (Chrono Boost)  
  17  0:54  Probe  
  18  1:08  Nexus  
  18  1:20  Forge  
  18  1:28  Gateway  
  18  1:38  Gateway  
  18  1:56  Photon Cannon  
  18  1:59  Pylon  
  18  2:10  Assimilator  
  18  2:15  Assimilator  
  18  2:21  Cybernetics Core  
  18  2:25  Probe  
  19  2:33  Zealot (Chrono Boost)  
  23  2:37  Probe (Chrono Boost)  
  23  2:41  Probe (Chrono Boost)  
  23  2:49  Probe (Chrono Boost)  
  25  2:55  Probe (Chrono Boost)  
  27  2:58  Warp Gate (Chrono Boost)  
  27  3:00  Probe x2 (Chrono Boost)  
  27  3:03  Probe x2  
  29  3:07  Adept  
  31  3:15  Probe (Chrono Boost)  
  33  3:24  Probe (Chrono Boost)  
  34  3:27  Probe (Chrono Boost)  
  34  3:29  Probe x2 (Chrono Boost), Pylon  
  36  3:39  Probe  
  37  3:41  Probe  
  37  3:44  Stargate  
  38  3:53  Probe (Chrono Boost)  
  40  4:01  Probe (Chrono Boost)  
  41  4:03  Probe x2 (Chrono Boost)  
  41  4:06  Assimilator  
  41  4:08  Probe  
  41  4:09  Assimilator  
  43  4:16  Probe  
  44  4:20  Probe  
  45  4:24  Oracle  
  45  4:28  Probe  
  49  4:32  Probe  
  50  4:40  Probe  
  50  4:44  Probe  
  50  4:53  Probe  
  51  5:00  Stalker  
  51  5:02  Pylon  
  51  5:03  Pylon  
  43  5:32  Probe  
  43  5:34  Probe  
  43  5:37  Stalker x2  
  47  5:44  Probe  
  47  5:46  Probe  
  49  5:57  Probe  
  50  5:58  Probe  
  51  6:09  Probe  
  51  6:10  Probe  
  56  6:21  Probe  
  56  6:22  Probe  
  58  6:27  Gateway  
  58  6:28  Gateway  
  58  6:30  Gateway, Protoss Ground Weapons Level 1  
  58  6:32  Gateway  
  58  6:33  Probe  
  58  6:34  Twilight Council, Stalker x2  
  63  6:54  Probe  
  55  7:02  Pylon  
  55  7:04  Zealot x2  
  55  7:06  Oracle (Chrono Boost)  
  59  7:08  Pylon  
  59  7:11  Probe, Pylon  
  59  7:12  Pylon  
  60  7:22  Probe  
  61  7:23  Probe  
  61  7:28  Charge  
  62  7:30  Zealot x2  
  62  7:35  Zealot  
  62  7:36  Stalker x3  
  77  7:39  Oracle (Chrono Boost)  
  75  7:58  Zealot x2  
  75  7:59  Zealot x2  
  75  8:00  Zealot  
  85  8:09  Stalker  
  84  8:21  Oracle (Chrono Boost)  
  70  8:30  Probe  
  67  8:43  Stalker x3  
  67  8:45  Stalker x2  
  80  8:49  Forge  
  80  8:51  Oracle (Chrono Boost)  
  80  8:56  Probe x2  
  82  9:08  Probe, Nexus  
  83  9:12  Sentry  
  83  9:13  Sentry x4  
  93  9:18  Pylon  
  93  9:20  Probe  
  94  9:34  Pylon  
  94  9:35  Pylon  
  94  9:36  Probe x2  
  96  9:48  Probe, Pylon  
  96  9:49  Probe  
  82  10:17  Pylon  
Show
View Real Time Build Order
Export as new Build Order

ezfranca Zerg 

Build Orders: Pool First 

Get SALT Encoding   

  12  0:01  Drone  
  13  0:08  Drone  
  14  0:20  Extractor  
  14  0:21  Drone x2, Extractor  
  16  0:37  Spawning Pool  
  16  0:39  Extractor  
  14  0:43  Drone, Extractor  
  14  0:49  Overlord  
  15  1:09  Drone  
  16  1:24  Zergling x4  
  16  1:25  Zergling x2  
  19  1:37  Drone  
  19  1:38  Hatchery  
  19  1:46  Drone  
  20  1:48  Metabolic Boost  
  20  1:58  Drone  
  21  2:08  Queen  
  21  2:09  Extractor  
  23  2:23  Overlord  
  23  2:34  Overlord  
  23  2:39  Baneling Nest  
  23  2:41  Drone x2  
  24  2:50  Drone  
  27  2:52  Drone  
  27  2:55  Queen  
  28  3:01  Drone  
  28  3:03  Drone  
  30  3:12  Drone x2, Evolution Chamber  
  32  3:17  Pneumatized Carapace  
  32  3:18  Drone  
  32  3:20  Drone  
  32  3:25  Drone, Extractor  
  33  3:29  Drone  
  33  3:31  Drone  
  33  3:34  Drone  
  36  3:46  Drone x2  
  38  3:53  Zergling x6  
  41  4:01  Overlord x2  
  41  4:22  Baneling x6  
  40  4:39  Baneling x4  
  40  4:40  Baneling  
  38  4:45  Overlord  
  38  4:47  Drone x2  
  38  4:48  Drone x6  
  42  5:30  Zergling x4  
  42  5:31  Zergling x14  
  42  5:32  Zergling x6  
  53  5:36  Spore Crawler  
  53  5:41  Queen  
  53  5:43  Drone  
  53  5:44  Drone  
  53  5:48  Zerg Missile Weapons Level 1  
  55  5:58  Queen  
  55  5:59  Overlord  
  57  6:04  Spore Crawler  
  57  6:05  Spore Crawler  
  57  6:06  Spore Crawler  
  57  6:09  Baneling x6  
  57  6:10  Baneling x6  
  54  6:12  Hatchery  
  54  6:13  Extractor  
  54  6:16  Overlord, Extractor  
  54  6:17  Drone x5  
  54  6:18  Drone  
  52  6:50  Zergling x12  
  52  6:51  Zergling x6  
  54  6:58  Lair, Queen  
  56  7:03  Evolution Chamber, Extractor  
  56  7:07  Drone x2  
  56  7:17  Overlord  
  56  7:18  Zergling x2  
  56  7:22  Roach Warren  
  56  7:24  Overlord  
  56  7:29  Drone  
  58  7:30  Drone x2, Extractor  
  58  7:31  Overlord x2  
  58  7:41  Zerg Melee Weapons Level 1  
  58  7:45  Drone x5  
  62  7:56  Baneling x8  
  62  7:57  Baneling x4  
  63  7:58  Zergling x6  
  63  7:59  Zergling x4  
  63  8:05  Zergling x6  
  70  8:07  Roach  
  54  8:35  Hydralisk Den  
  54  8:40  Drone x4  
  54  8:41  Drone x7  
  60  8:42  Drone x2  
  66  8:52  Roach x3  
  72  9:03  Spore Crawler  
  72  9:04  Overseer x2  
  72  9:05  Drone x2  
  72  9:08  Hydralisk x3, Muscular Augments  
  72  9:09  Hydralisk  
  81  9:29  Lurker Den  
  80  9:32  Baneling  
  80  9:33  Baneling x5  
  80  9:48  Spine Crawler  
  80  9:49  Spine Crawler x2  
  80  9:50  Overlord x3  
  80  9:51  Overlord  
  64  10:08  Zergling x2  
  64  10:09  Zergling x16  
  64  10:10  Zergling x14  
Tags
 
Add a new tag
Caveats
  • Supply blocks, unpowered buildings, or Contaminate may cause inaccurate times.
  • Supply counts are checked every 10 seconds.